 Dungeon Crawl Stone Soup version 0.18-a0-1726-g399342b (webtiles) character file.

14840 untiedstates the Fencer (level 12, -12/66 HPs)
             Began as a Formicid Fighter on Apr 21, 2016.
             Was a Priest of Hepliaklqana.
             Killed from afar by a raiju (23 damage)
             ... with a living lightning
             ... on level 2 of the Abyss on Apr 22, 2016.
             The game lasted 00:25:29 (12492 turns).

untiedstates the Fencer (Formicid Fighter)         Turns: 12492, Time: 00:25:29

Health: -12/66     AC: 24    Str: 31    XL:     12   Next: 50%
Magic:  12/12      EV:  7    Int:  9    God:    Hepliaklqana [***...]
Gold:   741        SH: 18    Dex: 10    Spells: 0 memorised, 11 levels left

rFire  + . .     SeeInvis +     b - +1 double sword (holy)
rCold  . . .     Gourm    .     v - +4 chain mail "Boryef" {Str+3 Slay+2}
rNeg   . . .     Faith    .     x - +0 large shield
rPois  .         Spirit   .     (helmet unavailable)
rElec  .         Dismiss  +     e - +0 cloak
rCorr  .         Reflect  .     (no gloves)
SustAt .         Harm     .     q - +2 pair of boots
MR     +....                    L - amulet "Loqeuto" {Dismiss rF+ Str+3}
Stlth  ..........               h - +1 ring of protection
                                A - +3 ring of protection

@: somewhat resistant to hostile enchantments, extremely unstealthy
A: permanent stasis, dig shafts and tunnels, four strong arms, antennae 3, frail
2, MP-powered wands
a: Dig, Shaft Self, Recall Ancestor, Ancestor Identity, Transference, Renounce
Religion


You were on level 2 of the Abyss.
You worshipped Hepliaklqana.
Hepliaklqana was most pleased with you.
You were very hungry.

You visited 3 branches of the dungeon, and saw 13 of its levels.
You visited the Abyss 1 time.

You collected 896 gold pieces.
You spent 155 gold pieces at shops.

Inventory:

Hand Weapons
 b - a +1 double sword of holy wrath (weapon)
 g - a +0 great sword
 K - a +1 war axe of flaming
Missiles
 P - 7 silver javelins (quivered)
Armour
 e - a +0 cloak (worn)
 q - a +2 pair of boots (worn)
 v - the +4 chain mail "Boryef" (worn) {Str+3 Slay+2}
   (You acquired it on level 3 of the Lair of Beasts)

   It affects your strength (+3).
   It affects your accuracy and damage with ranged weapons and melee attacks
   (+2).
 x - a +0 large shield (worn)
Jewellery
 a - an uncursed ring of protection from magic
 h - a +1 ring of protection (right hand)
 m - an uncursed ring of protection from magic
 n - an uncursed ring of protection from fire
 o - an uncursed ring of ice
 A - a +3 ring of protection (left hand)
 L - the amulet "Loqeuto" (around neck) {Dismiss rF+ Str+3}
   (You bought it in a shop on level 7 of the Dungeon)

   [amulet of dismissal]

   It may teleport away creatures that harm you.
   It affects your strength (+3).
   It protects you from fire.
 O - an uncursed ring of fire
Wands
 c - a wand of flame (19/48)
 C - a wand of heal wounds (6/9)
Scrolls
 j - 8 scrolls of magic mapping
 k - 2 scrolls of fear
 r - a scroll of identify
 N - 2 scrolls of remove curse
Potions
 d - 3 potions of might
 i - 4 potions of flight
 t - a potion of resistance
 u - 3 potions of curing
 w - 5 potions of heal wounds
 z - 5 potions of cure mutation
Comestibles
 f - 4 bread rations
 p - a beef jerky
 s - 3 meat rations


   Skills:
 + Level 3.9 Fighting
 * Level 15.3 Long Blades
 - Level 10.0 Armour
 - Level 9.0 Shields


You had 11 spell levels left.
You didn't know any spells.

Dungeon Overview and Level Annotations

Branches:
Dungeon (9/15)             Temple (1/1) D:4            Lair (3/8) D:9
    Orc (0/2) D:9
  Swamp: Lair:3-6    Shoals: Lair:3-6     Snake: Lair:3-6    Spider: Lair:3-6

Altars:
Ashenzari
Cheibriados
Dithmenos
Elyvilon
Fedhas
Gozag
Hepliaklqana
Kikubaaqudgha
Makhleb
Nemelex Xobeh
Okawaru
Pakellas
Qazlal
Ru
Sif Muna
Trog
Ukayaw
Vehumet
Xom
Yredelemnul
Zin
The Shining One

Shops:
D:7 *

Annotations:
Lair:3 Sonja


Innate Abilities, Weirdness & Mutations

You are under a permanent stasis effect.
You can dig through walls and to a lower floor.
Your four strong arms can wield two-handed weapons with a shield.
You have a pair of large antennae on your head (SInv).
[You are very frail (-20% HP).]
[You expend magic power (3 MP) to strengthen your wands.]


Message History

2 raiju come into view.
The raiju barks! x2
A raiju comes into view.
You barely miss the raiju.
The raiju barks!
You block the raiju's attack.
You slice the raiju!!
The raiju is severely wounded.
The raiju bursts into living lightning!
The living lightning hits you!
The raiju blinks!
The raiju bursts into living lightning!
The living lightning hits you!
* * * LOW HITPOINT WARNING * * *
The raiju blinks!
You slash the raiju!
The raiju is moderately wounded.
You block the raiju's attack.
The raiju bursts into living lightning!
The living lightning hits you!
You die...

# { ##.####### #
.#..........#.# #
≈........... # .
..#.#...##.##
.....###≈...#.#..h#
. ....≈..##..h.#..#
# .. #..#...##..#
...# . ......
.#.#..h@## ...#
..#... ....#.#§.#
.#. .
..#.####....#.... #
#.........#..#....#
.#. ..##..#§#...###
# . # .........## #
#≈# .... .# . .#.
≈...#. .# . # .. .
.......#


You could see 3 raiju.

Vanquished Creatures
  Gastronok (Lair:3)
  Harold (Lair:1)
  A hydra (Lair:1)
  The ghost of Ekaitz the Arsonist, a journeyman HEFE of Hepliaklqana (Lair:2)
  A wretched star (Abyss:2)
  Joseph (D:9)
  A sixfirhy (Abyss:2)
  A black mamba (Lair:3)
  4 spiny frogs
  A komodo dragon (Lair:3)
  A queen bee (D:8)
  Prince Ribbit (D:8)
  A raiju (Abyss:2)
  A wyvern (D:9)
  7 yaks
  3 hippogriffs
  2 basilisks
  A small abomination (Abyss:1)
  Duvessa (D:6)
  7 porcupines
  2 orc warriors
  An ice beast (D:8)
  A black bear (D:6)
  A necrophage (D:8)
  2 ogres (D:8)
  A phantom (D:6)
  The ghost of Jjhgf the Skirmisher, an amateur DsFi (D:3)
  4 wolves (Lair:1)
  6 centaurs
  2 crocodiles
  2 big kobolds
  3 giant frogs
  Dowan (D:6)
  5 scorpions
  14 killer bees
  3 howler monkeys
  An electric eel (D:8)
  2 crimson imps
  A giant frog zombie (D:6)
  A centaur zombie (D:5)
  A centaur skeleton (D:9)
  3 jellies
  5 orc wizards
  3 orc priests
  3 hounds
  8 iguanas
  5 giant frog skeletons
  6 worker ants
  4 sheep (Lair:1)
  2 hound skeletons
  A gnoll (D:2)
  13 river rats
  7 adders
  2 shadow imps
  2 adder zombies
  An adder skeleton (D:5)
  3 worms
  5 dart slugs
  2 giant geckos
  24 orcs
  A ball python (D:2)
  3 bat zombies (D:5)
  3 giant cockroaches
  10 goblins
  6 hobgoblins
  17 jackals
  13 kobolds
  9 quokkas
  12 bats
  15 giant newts
  2 jackal skeletons (D:4)
  A quokka skeleton (D:7)
  11 rats
  2 rat zombies (D:5)
297 creatures vanquished.

Vanquished Creatures (collateral kills)
  A spiny frog (Lair:2)
  A komodo dragon (Lair:2)
  A yak (D:9)
  3 water moccasins (Lair:1)
  A porcupine (Lair:1)
  An ogre (D:9)
  A crocodile (Lair:2)
  2 giant frogs (Lair:1)
  An orc wizard (D:9)
  A worker ant (D:9)
  A hell rat (D:9)
  5 sheep
  9 river rats (Lair:1)
  An orc (D:9)
  2 jackals (D:9)
31 creatures vanquished.

Vanquished Creatures (others)
  3 ancestors
  2 starspawn tentacles (Abyss:1)
5 creatures vanquished.

Grand Total: 333 creatures vanquished

Notes
Turn   | Place    | Note
--------------------------------------------------------------
     0 | D:1      | untiedstates the Formicid Fighter began the quest for the Orb.
     0 | D:1      | Reached XP level 1. HP: 18/18 MP: 1/1
   199 | D:1      | Reached XP level 2. HP: 24/24 MP: 2/2
   358 | D:1      | Reached XP level 3. HP: 29/29 MP: 3/3
   716 | D:1      | Reached skill level 3 in Long Blades
  1186 | D:2      | Reached XP level 4. HP: 32/35 MP: 4/4
  1608 | D:2      | Reached skill level 4 in Long Blades
  2227 | D:3      | Reached XP level 5. HP: 26/41 MP: 3/5
  2298 | D:3      | Noticed Jjhgf's ghost (amateur DsFi)
  2342 | D:3      | Killed Jjhgf's ghost
  2342 | D:3      | Reached skill level 5 in Shields
  2556 | D:3      | Reached XP level 6. HP: 47/47 MP: 6/6
  2698 | D:3      | Reached skill level 5 in Long Blades
  3171 | D:4      | Reached XP level 7. HP: 50/52 MP: 7/7
  3179 | D:4      | Found a staircase to the Ecumenical Temple.
  3213 | Temple   | Entered the Ecumenical Temple
  3221 | Temple   | Became a worshipper of Ukayaw the Reveler
  3466 | D:4      | Reached * piety under Ukayaw
  3515 | D:4      | Got a twisted scale mail
  3667 | D:4      | Reached ** piety under Ukayaw
  3808 | D:4      | Reached skill level 6 in Long Blades
  3889 | D:4      | Identified the +5 scale mail "Midgh" {Dex+4} (You found it on level 4 of the Dungeon)
  3922 | D:5      | Entered Level 5 of the Dungeon
  4022 | D:5      | Reached *** piety under Ukayaw
  4085 | D:5      | Reached **** piety under Ukayaw
  4099 | D:5      | Reached skill level 7 in Long Blades
  4101 | D:5      | Reached ***** piety under Ukayaw
  4129 | D:5      | Fell from the grace of Ukayaw
  4143 | D:5      | Reached XP level 8. HP: 53/58 MP: 6/8
  4599 | D:5      | Found an ancient bone altar of Kikubaaqudgha.
  4698 | D:5      | Found an opulent altar of Gozag.
  5082 | D:6      | Reached skill level 8 in Long Blades
  5319 | D:6      | Noticed Dowan
  5320 | D:6      | Noticed Duvessa
  5362 | D:6      | Killed Duvessa
  5382 | D:6      | Killed Dowan
  5382 | D:6      | Reached XP level 9. HP: 38/64 MP: 7/9
  5403 | D:6      | Reached skill level 9 in Long Blades
  5590 | D:6      | Found a stormy altar of Qazlal.
  6348 | D:7      | Reached skill level 10 in Long Blades
  6577 | D:7      | Found Tyeph's Assorted Antiques.
  6590 | D:7      | Bought a sparkling lead amulet for 155 gold pieces
  6650 | D:7      | Found an ancient bone altar of Kikubaaqudgha.
  6826 | D:8      | Found an oddly glowing altar of Pakellas.
  6923 | D:8      | Noticed Prince Ribbit
  6933 | D:8      | Killed Prince Ribbit
  6993 | D:8      | Reached XP level 10. HP: 70/70 MP: 7/10
  7025 | D:8      | Reached skill level 11 in Long Blades
  7074 | D:8      | Reached skill level 5 in Armour
  7525 | D:8      | Identified the amulet "Loqeuto" {Dismiss rF+ Str+3} (You bought it in a shop on level 7 of the Dungeon)
  7586 | D:8      | Was forgiven by Ukayaw
  8209 | D:8      | Found a bloodstained altar of Trog.
  8210 | D:8      | Found a snail-covered altar of Cheibriados.
  8212 | D:8      | Found a hazy altar of Hepliaklqana.
  8214 | D:8      | Found a glowing golden altar of the Shining One.
  8214 | D:8      | Found a white marble altar of Elyvilon.
  8253 | D:8      | Became a worshipper of Hepliaklqana
  8471 | D:8      | Reached skill level 12 in Long Blades
  8479 | D:9      | Found a staircase to the Lair.
  8481 | D:9      | Found a staircase to the Orcish Mines.
  8508 | D:9      | Your ally Namzu died
  9067 | D:9      | Your ally Namzu died
  9133 | D:9      | Found an iron altar of Okawaru.
  9203 | D:9      | Noticed Joseph
  9214 | D:9      | Killed Joseph
  9214 | D:9      | Reached XP level 11. HP: 62/75 MP: 11/11
  9373 | D:9      | Reached * piety under Hepliaklqana
  9679 | Lair:1   | Entered Level 1 of the Lair of Beasts
  9755 | Lair:1   | Identified a scroll of acquirement
  9775 | Lair:1   | Reached skill level 13 in Long Blades
  9888 | Lair:1   | Noticed Harold
  9903 | Lair:1   | Your ally Namzu died
  9905 | Lair:1   | Killed Harold
 10353 | Lair:1   | Noticed a six-headed hydra
 10450 | Lair:1   | Reached ** piety under Hepliaklqana
 10451 | Lair:1   | Remembered your ancestor Namzu as a battlemage
 10607 | Lair:1   | Killed a one-headed hydra
 11006 | Lair:1   | Got a shimmering scale mail
 11007 | Lair:1   | Identified the cursed +1 scale mail of Washrefa {rElec rCorr Str+3} (You found it on level 1 of the Lair of Beasts)
 11170 | Lair:2   | Noticed Ekaitz's ghost (journeyman HEFE)
 11190 | Lair:1   | Reached skill level 14 in Long Blades
 11664 | Lair:2   | Killed Ekaitz's ghost
 11682 | Lair:2   | Reached XP level 12. HP: 81/81 MP: 12/12
 12103 | Lair:3   | Got a slimy chain mail
 12114 | Lair:3   | Identified the +4 chain mail "Boryef" {Str+3 Slay+2} (You acquired it on level 3 of the Lair of Beasts)
 12271 | Lair:3   | Noticed Gastronok
 12280 | Lair:3   | Killed Gastronok
 12280 | Lair:3   | Reached skill level 15 in Long Blades
 12296 | Lair:3   | Noticed Sonja
 12324 | Lair:3   | Cast into level 1 of the Abyss (Sonja)
 12401 | Abyss:1  | Reached *** piety under Hepliaklqana
 12404 | Abyss:1  | Reached skill level 10 in Armour
 12414 | Abyss:1  | Noticed a tentacled starspawn
 12430 | Abyss:2  | Noticed a wretched star
 12474 | Abyss:2  | Killed a wretched star
 12492 | Abyss:2  | Killed from afar by a raiju

Vault maps used:
D:1:      kilobyte_arrival_exit_the_forest
D:2:      kennysheep_generic_room_6
D:3:      minmay_misc_feat_chi
D:4:      temple_pool_a, first_bread
D:5:      lemuel_zombie_altar_kikubaaqudgha, grunt_gozag_statues
D:6:      lemuel_crystal_altar, uniq_duvessa
D:7:      serial_shops, nicolae_shop_waterfront, tgw_kikubaaqudgha
D:8:      nicolae_overflow_hidden_temple, overflow_temple_1_default,
          minivault_14, david_nohive_1, uniq_prince_ribbit1
D:9:      okawaru_ov_weapons_minmay, dpeg_lair_monsters, uniq_joseph
Temple:   temple_eino_lava_12
Lair:1:   uniq_harold
Lair:3:   boulder_dual_corridor_run, serial_bayou_ford_a, uniq_snorg,
          uniq_sonja, uniq_gastronok

Skill      XL: |  1  2  3  4  5  6  7  8  9 10 11 12 |
---------------+-------------------------------------+-----
Shields        | 4 5 6 7 9 |  9.0
Long Blades    | 3 4 5 7 8 10 12 14 15 | 15.3
Armour         | 4 7 9 10 | 10.0
Fighting       | |  3.9

Action                   |  1- 3 |  4- 6 |  7- 9 | 10-12 || total
-------------------------+-------+-------+-------+-------++-------
Melee: Long sword        |   115 |   202 |   433 |   299 ||  1049
       Great sword       |       |       |       |    84 ||    84
       Double sword      |       |       |       |   207 ||   207
       War axe           |       |       |       |     7 ||     7
Throw: Tomahawk          |       |     4 |     3 |     2 ||     9
Invok: Renounce Religion |       |       |     1 |       ||     1
       Ancestor Life: Ba |       |       |       |     1 ||     1
 Abil: Dig               |       |       |     4 |     5 ||     9
  Use: Scroll            |     3 |     1 |     6 |    17 ||    27
       Potion            |       |       |     3 |     3 ||     6
 Stab: Paralysed         |       |       |     3 |       ||     3
       Invisible         |       |       |       |     4 ||     4
       Sleeping          |       |       |       |     1 ||     1
       Distracted        |       |       |       |     4 ||     4
  Eat: Chunk             |     1 |     7 |    12 |    17 ||    37
       Beef jerky        |       |       |       |     1 ||     1
